 Dungeon Crawl Stone Soup version 0.28.0-45-g0d030f2227 (webtiles) character file.

Game seed: 4920538513498044190

9741 Icepheonix32 the Frost Mage (level 11, 0/79 HPs)
             Began as a Demonspawn Ice Elementalist on Apr 16, 2022.
             Slain by a two-headed ogre
             ... wielding a +0 giant club
              (4 damage)
             ... on level 10 of the Dungeon.
             The game lasted 00:16:11 (10512 turns).

Icepheonix32 the Frost Mage (DsIE)                 Turns: 10512, Time: 00:16:12

Health: 0/79       AC:  6    Str: 13    XL:     11   Next: 27%
Magic:  16/20      EV: 15    Int: 17    God:
Gold:   652        SH:  0    Dex: 19    Spells: 12/23 levels left

rFire   . . .      SeeInvis .   o - +3 scythe
rCold   . . .      Faith    .   (shield currently unavailable)
rNeg    . . .      Spirit   .   p - +2 robe {Archmagi}
rPois   .          Reflect  .   (helmet restricted)
rElec   .          Harm     .   E - +0 cloak
rCorr   .          Rampage  .   (no gloves)
Will    .....      Archmagi +   c - +0 pair of boots
Stlth   +++.......              (no amulet)
HPRegen 0.23/turn               e - +6 ring of dexterity
MPRegen 0.17/turn               n - ring of wizardry

@: freezing walls
A: antennae 1, spiny 2
a: no special abilities


You were on level 10 of the Dungeon.
You visited 1 branch of the dungeon, and saw 10 of its levels.
You also visited: Sewer.

You collected 674 gold pieces.
You spent 22 gold pieces at shops.

Inventory:

Hand Weapons
 b - a +1 spear
 h - a +2 dagger of distortion
 o - a +3 scythe (weapon)
Missiles
 d - 20 boomerangs
 i - 2 throwing nets
 k - 3 silver boomerangs
 u - 25 poisoned darts
Armour
 c - a +0 pair of boots (worn)
 p - a +2 robe of the Archmagi (worn)
 E - a +0 cloak (worn)
Magical Staves
 r - a staff of conjuration
Jewellery
 e - a +6 ring of dexterity (left hand)
 j - a ring of fire
 n - a ring of wizardry (right hand)
 w - an amulet of reflection
 B - an amulet of magic regeneration
Wands
 a - a wand of paralysis (8)
 f - a wand of digging (8)
 g - a wand of charming (15)
 t - a wand of flame (14)
 D - a wand of iceblast (3)
Scrolls
 q - a scroll of amnesia
 s - 2 scrolls of immolation
 x - 3 scrolls of blinking
 y - 2 scrolls of fear
 A - a scroll of magic mapping
 C - 2 scrolls of identify
Potions
 l - 5 potions of curing
 m - a potion of flight
 v - a potion of heal wounds
 z - a potion of berserk rage


   Skills:
 + Level 5.0 Fighting
 + Level 8.4 Polearms
 + Level 0.3 Throwing
 + Level 4.8 Dodging
 + Level 5.3 Stealth
 + Level 6.6 Spellcasting
 + Level 3.4 Conjurations
 * Level 9.6 Ice Magic


You had 12 spell levels left.
You knew the following spells:

 Your Spells              Type           Power      Damage    Failure   Level
a - Freeze                Ice            100%       1d11      1%          1
b - Ozocubu's Armour      Ice            55%        N/A       1%          3
c - Frozen Ramparts       Ice            100%       1d12      1%          3
d - Hailstorm             Conj/Ice       41%        3d10      3%          4

Your spell library contained the following spells:

 Spells                   Type           Power      Damage    Failure   Level
 Magic Dart               Conj           100%       1d8       1%          1
 Searing Ray              Conj           50%        2d6       1%          2
 Apportation              Tloc           16%        N/A       4%          1
 Metabolic Englaciation   Hex/Ice        16%        N/A       19%         5
 Fulminant Prism          Conj/Hex       8%         3d7       24%         4
 Cause Fear               Hex            4%         N/A       43%         4
 Simulacrum               Ice/Necr       16%        N/A       67%         6
 Alistair's Intoxication  Tmut/Pois      5%         N/A       77%         5
 Dragon Form              Tmut           4%         N/A       100%        7
 Dragon's Call            Summ           4%         N/A       100%        9


Dungeon Overview and Level Annotations

Branches:
Dungeon (10/15)            Temple (0/1) D:4           Sewer (visited)
   Lair: D:8-11         Orc: D:9-12

Altars:
Trog

Shops:
D:5 ?

Annotations:
D:7 2 transporters, tizbic2's ghost, novice FoNe


Innate Abilities, Weirdness & Mutations

You have a pair of small antennae on your head.
You are mostly covered in sharp spines.


Message History

Casting: Ozocubu's Armour (safe; 1% risk of failure)
Confirm with . or Enter, or press ? or * to list all spells.
You don't know that spell.
Casting: Ozocubu's Armour (safe; 1% risk of failure)
Confirm with . or Enter, or press ? or * to list all spells.
Casting: Frozen Ramparts (safe; 1% risk of failure)
Press: ? - help, Dir - look around, f - activate You feel a surge of power!
The walls around you are covered in ice.
A wight comes into view. It is wielding a +0 falchion.
The wall freezes the two-headed ogre.
The two-headed ogre closely misses you.
The two-headed ogre hits you with a +0 giant spiked club!!
You hit the two-headed ogre.
The two-headed ogre is lightly wounded.
A wight comes into view. It is wielding a +4 trident.
The wall freezes the two-headed ogre!
The two-headed ogre hits you with a +0 giant club!
The two-headed ogre hits you with a +0 giant spiked club!!
* * * LOW HITPOINT WARNING * * *
You are too injured to fight recklessly!
Unknown command.
Casting: Frozen Ramparts (safe; 1% risk of failure)
Confirm with . or Enter, or press ? or * to list all spells.
Aiming: Freeze (safe; 1% risk of failure)
Press: ? - help, Shift-Dir - straight line, f - two-headed ogre
Aim: a two-headed ogre, wielding a +0 giant club and a +0 giant spiked club (moderately wounded)
You feel a surge of power!
You freeze the two-headed ogre!
The two-headed ogre is heavily wounded.
The wall freezes the two-headed ogre.
The two-headed ogre misses you.
The two-headed ogre hits you with a +0 giant spiked club!
* * * LOW HITPOINT WARNING * * *
The wight completely resists.
The wall freezes the wight but does no damage.
Unknown command.
You feel much better.
The wight resists.
The wall freezes the wight.
The wall freezes the two-headed ogre!
The two-headed ogre hits you with a +0 giant club!!
* * * LOW HITPOINT WARNING * * *
The two-headed ogre hits you with a +0 giant spiked club.
You die...

#............##....
.......#......##......
....#####.....#......
..## ###..#..>... .
#.......# #......##
#......#
########.....##
..zz..O@.......#
......z.........
.##.............
###......#....
##..........
##......... ##........
#..####


You could see a two-headed ogre and 3 wights.

Vanquished Creatures
  2 two-headed ogres (D:8)
  Maurice (D:9)
  2 kobold demonologists (D:6)
  A hornet (D:10)
  A shadow (D:6)
  Sigmund (D:4)
  13 yaks
  3 wyverns
  An acid dragon (D:6)
  5 water moccasins
  Duvessa (D:4)
  2 orc warriors
  Pargi (Sewer)
  A sky beast (D:6)
  A black bear (D:6)
  2 necrophages
  3 centaurs
  A phantom (D:6)
  2 kobold brigands
  A gnoll sergeant (D:8)
  3 bullfrogs
  A scorpion (D:6)
  Dowan (D:4)
  24 killer bees
  7 wights
  6 howler monkeys
  2 centaur zombies
  4 hounds
  7 orc priests
  A centaur skeleton (D:7)
  Jessica (D:2)
  A bullfrog skeleton (D:4)
  2 scorpion zombies
  Natasha (thrice) (D:3)
  An iguana (D:6)
  8 orc wizards
  A killer bee zombie (D:8)
  A hound zombie (D:5)
  A hound skeleton (D:3)
  A howler monkey zombie (D:7)
  5 gnolls (D:8)
  6 adders
  A river rat (D:3)
  A shadow imp (D:7)
  A white imp (D:7)
  2 ufetubi
  2 worms
  An adder skeleton (D:3)
  2 adder zombies (D:3)
  2 dart slugs
  26 orcs
  6 endoplasms
  7 giant cockroaches
  5 goblins
  9 hobgoblins
  15 jackals
  4 quokkas
  10 ball pythons
  2 ball python zombies (D:3)
  4 bats
  3 frilled lizards
  A giant cockroach zombie (D:3)
  16 kobolds
  14 rats
266 creatures vanquished.

Vanquished Creatures (others)
  37 fungi (D:10)
  39 plants
76 creatures vanquished.

Grand Total: 342 creatures vanquished

Notes
Turn   | Place    | Note
-------+----------+-------------------------------------------
     0 | D:1      | Icepheonix32 the Demonspawn Ice Elementalist began the
                  | quest for the Orb.
     0 | D:1      | Reached XP level 1. HP: 13/13 MP: 3/3
   383 | D:1      | Reached skill level 4 in Ice Magic
   385 | D:1      | Gained mutation: You are partially covered in sharp spines.
                  | [demonic ancestry]
   385 | D:1      | Reached XP level 2. HP: 10/19 MP: 5/5
  1092 | D:1      | Found a faded altar of an unknown god.
  1278 | D:2      | Reached skill level 1 in Polearms
  1278 | D:2      | Gained mutation: You are mostly covered in sharp spines.
                  | [demonic ancestry]
  1278 | D:2      | Reached XP level 3. HP: 24/24 MP: 3/6
  1341 | D:2      | Learned a level 3 spell: Ozocubu's Armour
  1622 | D:2      | Noticed Jessica
  1631 | D:2      | Killed Jessica
  1632 | D:2      | Reached XP level 4. HP: 27/30 MP: 5/7
  1769 | D:2      | You fall into a shaft and drop 2 floors!
  2067 | D:3      | Reached XP level 5. HP: 24/36 MP: 8/8
  2115 | D:3      | Found a glowing drain.
  2141 | D:3      | Learned a level 3 spell: Frozen Ramparts
  2148 | Sewer    | Entered a sewer
  2260 | Sewer    | Noticed Pargi
  2278 | Sewer    | Killed Pargi
  2279 | Sewer    | Reached skill level 1 in Fighting
  2279 | Sewer    | Reached skill level 5 in Ice Magic
  2279 | Sewer    | Reached XP level 6. HP: 34/43 MP: 7/10
  2490 | D:3      | Noticed Natasha
  2497 | D:3      | Killed Natasha
  2754 | D:3      | Noticed Natasha
  2760 | D:3      | Killed Natasha
  3174 | D:3      | Learned a level 4 spell: Hailstorm
  3267 | D:4      | Noticed Dowan
  3268 | D:4      | Noticed Duvessa
  3279 | D:4      | Killed Dowan
  3283 | D:4      | Killed Duvessa
  3284 | D:4      | Reached XP level 7. HP: 42/48 MP: 5/12
  3461 | D:3      | Noticed Natasha
  3467 | D:3      | Killed Natasha
  3857 | D:4      | Found a staircase to the Ecumenical Temple.
  3948 | D:4      | Noticed Sigmund
  3957 | D:4      | Killed Sigmund
  3958 | D:4      | Reached skill level 6 in Ice Magic
  4477 | D:5      | Entered Level 5 of the Dungeon
  4847 | D:5      | Noticed a wyvern
  4852 | D:5      | Killed a wyvern
  4853 | D:5      | Reached XP level 8. HP: 46/57 MP: 6/13
  5261 | D:5      | Found Ycreh's Magic Scroll Emporium.
  5269 | D:5      | Bought a scroll of identify for 22 gold pieces
  5636 | D:6      | Reached skill level 1 in Conjurations
  5846 | D:6      | Reached skill level 7 in Ice Magic
  6005 | D:6      | Reached skill level 5 in Polearms
  6252 | D:6      | Reached XP level 9. HP: 62/62 MP: 15/15
  6684 | D:6      | Noticed a kobold demonologist
  6691 | D:6      | Killed a kobold demonologist
  6998 | D:6      | Noticed a kobold demonologist
  7001 | D:6      | Noticed a sun demon
  7001 | D:6      | Noticed an ice devil
  7002 | D:6      | Killed a kobold demonologist
  7003 | D:6      | Reached skill level 5 in Spellcasting
  7262 | D:7      | Reached skill level 8 in Ice Magic
  7591 | D:7      | Found a transporter.
  7591 | D:7      | Identified the +5 dire flail of the Viper {freeze, rPois
                  | Dex+4}
  7591 | D:7      | Noticed a two-headed ogre
  7593 | D:7      | Noticed tizbic2's ghost (novice FoNe)
  7599 | D:7      | Found a transporter.
  7771 | D:7      | Gained mutation: You have a pair of small antennae on your
                  | head. [demonic ancestry]
  7771 | D:7      | Reached XP level 10. HP: 63/70 MP: 11/18
  7870 | D:8      | Noticed a two-headed ogre
  8002 | D:8      | Killed a two-headed ogre
  8491 | D:8      | Found a bloodstained altar of Trog.
  8615 | D:8      | Noticed a two-headed ogre
  8622 | D:8      | Killed a two-headed ogre
  8623 | D:8      | Reached skill level 5 in Stealth
  8623 | D:8      | Reached skill level 9 in Ice Magic
  9254 | D:9      | Reached XP level 11. HP: 69/78 MP: 14/20
  9519 | D:9      | Reached skill level 5 in Fighting
  9836 | D:9      | Noticed Maurice
  9856 | D:9      | Killed Maurice
 10200 | D:10     | Entered Level 10 of the Dungeon
 10507 | D:10     | Noticed a two-headed ogre
 10512 | D:10     | Slain by a two-headed ogre

Illustrated notes

Levels and vault maps discovered:
D:1:      ebering_trefoil_twist, layout_loops_cross,
          dreamdust_ecumenical_altar_hidden_monk_grotto, minmay_three_crescents
D:2:      layout_rooms, uniq_jessica
D:3:      layout_basic, portal_sewer_entry_c, serial_undead, serial_undead_f,
          serial_undead_e, serial_undead_d, serial_undead_a, uniq_natasha
D:4:      layout_rooms, temple_doors_e, serial_bayou_pond_c,
          minmay_misc_feat_secret_circle, chequers_mini_garden,
          chequers_serial_rivers_room_b, uniq_sigmund, uniq_duvessa
D:5:      layout_basic, serial_shops, nicolae_shop_trees
D:6:      layout_rooms, kb_rosetta
D:7:      layout_basic, gammafunk_ghost_smash, kennysheep_generic_room_3
D:8:      layout_loops_cross, lemuel_doored_altar
D:9:      layout_roguey, uniq_maurice
D:10:     layout_layer_cave, due_lair_maze_entry_diamond, lightli_orcish_oven

Skill      XL: |  1  2  3  4  5  6  7  8  9 10 11 |
---------------+----------------------------------+-----
Ice Magic      | 4 5 6 7 8 9 |  9.6
Polearms       | 1 2 4 5 6 8 |  8.4
Stealth        | 2 3 4 5 |  5.3
Dodging        | 2 3 4 |  4.8
Fighting       | 1 2 3 4 5 |  5.0
Spellcasting   | 3 4 5 6 |  6.6
Conjurations   | 2 3 |  3.4
Throwing       | |  0.3

Action                   |  1- 3 |  4- 6 |  7- 9 | 10-12 || total
-------------------------+-------+-------+-------+-------++-------
Melee: Spear             |    61 |   122 |    41 |       ||   224
       Punch             |       |     3 |       |       ||     3
       Scythe            |       |       |   128 |   101 ||   229
Throw: Boomerang         |     2 |     4 |       |       ||     6
 Cast: Freeze            |    29 |    10 |       |     1 ||    40
       Ozocubu's Armour  |       |     6 |    15 |    14 ||    35
       Frozen Ramparts   |       |     6 |    20 |    12 ||    38
  Use: Scroll            |     1 |     1 |     9 |     1 ||    12
       Potion            |       |     3 |     1 |     1 ||     5
 Stab: Sleeping          |    10 |     7 |    10 |     7 ||    34
       Distracted        |     1 |       |     1 |     1 ||     3
Armor: Robe              |    14 |    31 |    41 |    33 ||   119
Dodge: Dodged            |    36 |    62 |   114 |    94 ||   306
